 Dungeon Crawl Stone Soup version 0.29-a0-210-g9445043ebc (webtiles) character file.

Game seed: 17649565115525803816

147 HotDog the Covered (level 5, 0/33 HPs)
             Began as a Gargoyle Fighter on Feb 24, 2022.
             Slain by Grinder (1 damage)
             ... on level 3 of the Dungeon.
             The game lasted 00:04:13 (2569 turns).

HotDog the Covered (Gargoyle Fighter)               Turns: 2569, Time: 00:04:13

Health: 0/33       AC: 13    Str: 21    XL:     5   Next: 29%
Magic:  5/5        EV:  9    Int:  9    God:
Gold:   181        SH:  4    Dex:  9    Spells: 4/4 levels left

rFire   . . .      SeeInvis .   a - +0 flail (freeze)
rCold   . . .      Faith    .   c - +0 buckler
rNeg    + . .      Spirit   .   b - +0 scale mail
rPois   ∞          Reflect  .   k - +0 helmet
rElec   +          Harm     .   (no cloak)
rCorr   .          Rampage  .   (no gloves)
Will    .....                   i - +0 pair of boots
Stlth   ..........              (no amulet)
HPRegen 0.11/turn               o - ring of wizardry
MPRegen 0.09/turn               (no ring)

@: mighty
A: sickness immunity, AC +4, negative energy resistance 1, electricity
resistance, torment resistance 1, petrification resistance
a: no special abilities


You were on level 3 of the Dungeon.
You visited 1 branch of the dungeon, and saw 3 of its levels.

You collected 181 gold pieces.

Inventory:

Hand Weapons
 a - a +0 flail of freezing (weapon)
Armour
 b - a +0 scale mail (worn)
 c - a +0 buckler (worn)
 i - a +0 pair of boots (worn)
 k - a +0 helmet (worn)
Jewellery
 o - a ring of wizardry (left hand)
Scrolls
 l - a scroll of teleportation
 m - a scroll of silence
Potions
 d - a potion of might
 e - 2 potions of brilliance
 f - a potion of heal wounds
 g - a potion of ambrosia {unknown}
 h - a potion of attraction {unknown}
 j - 2 potions of flight {unknown}
 n - a potion of degeneration {unknown}
 p - a potion of cancellation {unknown}
 q - a potion of experience {unknown}


   Skills:
 * Level 3.7 Fighting
 * Level 3.4 Maces & Flails
 * Level 4.1 Armour
 * Level 0.8 Dodging
 * Level 3.9 Shields
 * Level 1.2 Invocations


You had 4 spell levels left.
You didn't know any spells.
Your spell library contained the following spells:

 Spells                   Type           Power      Damage    Failure   Level
 Blink                    Tloc           0%         N/A       61%         2
 Lesser Beckoning         Tloc           0%         N/A       82%         3
 Manifold Assault         Tloc           0%         N/A       100%        5


Dungeon Overview and Level Annotations

Branches:
Dungeon (3/15)

Altars:

Annotations:
D:3 Grinder


Innate Abilities, Weirdness & Mutations

You are immune to sickness and miasma.
Your stone body is resilient. (AC +4)
You are immune to poison.
You resist negative energy. (rN+)
You are resistant to electric shocks. (rElec)
You are resistant to unholy torment.
You are immune to petrification.


Message History

You closely miss Grinder.
Grinder is lightly wounded.
Grinder blinks!
You feel very mighty all of a sudden.
You barely miss Grinder.
Grinder is lightly wounded.
Grinder gestures at you.
You suddenly lose the ability to move!
Grinder hits you.
You writhe in agony.
Grinder hits you but does no damage. Grinder hits you.
You writhe in agony.
Grinder hits you.
You writhe in agony.
You can move again.
Unknown command.
You hit Grinder.
Grinder is lightly wounded.
Grinder barely misses you.
You barely miss Grinder.
Grinder is lightly wounded.
Grinder hits you but does no damage.
You sock Grinder! You freeze Grinder.
Grinder is heavily wounded.
Grinder closely misses you.
You closely miss Grinder.
Grinder is heavily wounded.
Grinder hits you but does no damage. You block Grinder's attack.
You closely miss Grinder.
Grinder is heavily wounded.
Grinder blinks!
Grinder hits you.
You writhe in agony.
* * * LOW HITPOINT WARNING * * *
You hit Grinder.
Grinder is severely wounded.
Grinder hits you but does no damage.
You closely miss Grinder.
Grinder is severely wounded.
Grinder hits you!
* * * LOW HITPOINT WARNING * * *
You writhe in agony.
You die...

#######
#.....#
#.###.# #
#.#
######'###
#......@5#
#.##.....#
#.##.....#
#.########
#.# #.#
#.# #.#
#.#


You could see Grinder.

Vanquished Creatures
  Robin (D:2)
  4 adders
  3 dart slugs
  5 ball pythons
  8 endoplasms
  4 giant cockroaches
  14 goblins
  13 hobgoblins
  5 jackals
  2 quokkas
  6 bats
  3 frilled lizards
  9 kobolds
  5 rats
82 creatures vanquished.

Vanquished Creatures (others)
  4 plants (D:1)
4 creatures vanquished.

Grand Total: 86 creatures vanquished

Notes
Turn   | Place    | Note
-------+----------+-------------------------------------------
     0 | D:1      | HotDog the Gargoyle Fighter began the quest for the Orb.
     0 | D:1      | Reached XP level 1. HP: 14/14 MP: 1/1
    50 | D:1      | Reached XP level 2. HP: 9/19 MP: 2/2
   375 | D:1      | Reached XP level 3. HP: 19/23 MP: 3/3
   982 | D:1      | Found a faded altar of an unknown god.
  1259 | D:2      | Reached XP level 4. HP: 28/28 MP: 4/4
  1270 | D:2      | Noticed Robin
  1305 | D:2      | Killed Robin
  1306 | D:2      | Reached skill level 1 in Invocations
  2089 | D:2      | Reached skill level 4 in Armour
  2089 | D:2      | Reached XP level 5. HP: 33/33 MP: 5/5
  2508 | D:3      | Noticed Grinder
  2553 | D:3      | Paralysed by Grinder for 2 turns
  2557 | D:3      | Paralysed by Grinder for 5 turns
  2569 | D:3      | HP: 1/33 [Grinder (8)]
  2569 | D:3      | Slain by Grinder

Illustrated notes

Levels and vault maps discovered:
D:1:      kennysheep_arrival_forest, layout_basic,
          chequers_ecumenical_altar_simple_redux, serial_bayou_pond_b
D:2:      layout_loops_ring, serial_park_tiny_pond, minmay_tromino_i4,
          uniq_robin
D:3:      layout_basic, uniq_grinder

Skill      XL: |  1  2  3  4 |
---------------+-------------+-----
Maces & Flails | 3 |  3.4
Invocations    | 1 |  1.2
Armour         | 4 |  4.1
Fighting       | |  3.7
Dodging        | |  0.8
Shields        | |  3.9

Action                   |  1- 3 |  4- 6 || total
-------------------------+-------+-------++-------
Melee: Flail             |   128 |   170 ||   298
  Use: Scroll            |     4 |     3 ||     7
       Potion            |       |     1 ||     1
Armor: Scale mail        |    97 |   107 ||   204
Dodge: Dodged            |    84 |   100 ||   184
Block: Buckler           |    38 |    41 ||    79

Table legend: (Time is in decaauts)
 A = Elapsed time spent in this place.
 B = Non-inter-level travel time spent in this place.
 C = Inter-level travel time spent in this place.
 D = Time resting spent in this place.
 E = Time spent auto-exploring this place.
 F = Levels seen in this place.
 G = Mean time per level.
                   A        B        C        D        E       F      G
               +--------+--------+--------+--------+--------+-----+--------+
         Total |   2667 |   2558 |    109 |      0 |   1877 |   3 |  889.0 |
       Dungeon |   2667 |   2558 |    109 |      0 |   1877 |   3 |  889.0 |
               +--------+--------+--------+--------+--------+-----+--------+

Top non-repeatable levels by time:
     D:1: 1222 daAuts
     D:2: 1050 daAuts
     D:3: 394 daAuts
